[Event "ICCopen2017"]
[Site "Internet Chess Club"]
[Date "2017.03.19"]
[Round "5"]
[White "niftyleopard"]
[Black "GrandPatzer5"]
[Result "0-1"]
[ICCResult "White checkmated"]
[WhiteElo "1196"]
[BlackElo "1845"]
[Opening "KP: Nimzovich defense"]
[ECO "B00"]
[NIC "VO.05"]
[Time "20:00:11"]
[TimeControl "180+0"]

1. e4 Nc6 2. Nf3 d6 3. d4 Nf6 4. Nc3 g6 5. Bb5 a6 6. Ba4 b5 7. Bb3 Bg7 8.
O-O O-O 9. Re1 e5 10. dxe5 dxe5 11. Nd5 Bg4 12. h3 Bxf3 13. Qxf3 Nd4 14. Qd3
Nxb3 15. Qxb3 c6 16. Nxf6+ Qxf6 17. Be3 Rad8 18. Rad1 Rxd1 19. Rxd1 Rd8 20.
c3 h5 21. Bb6 Rxd1+ 22. Qxd1 Bh6 23. Qd8+ Qxd8 24. Bxd8 Kf8 25. Bf6 Bg7 26.
Bxg7+ Kxg7 27. Kf1 Kf6 28. Ke1 Ke6 29. Ke2 Kd6 30. Kd3 a5 31. a3 a4 32. c4
Kc5 33. cxb5 cxb5 34. Kc3 f5 35. f3 h4 36. exf5 gxf5 37. Kd3 b4 38. axb4+
Kxb4 39. Kc2 e4 40. fxe4 fxe4 41. Kd2 Kb3 42. Ke3 Kxb2 43. Kxe4 a3 44. Kf4
a2 45. Kg4 a1=Q 46. Kxh4 Qa6 47. g4 Qg6 48. g5 Kc3 49. Kg4 Kd4 50. h4 Ke4
51. h5 Qf5+ 52. Kh4 Qf4+ 53. Kh3 Qxg5 54. h6 Kf3 55. Kh2 Qg2# {White
checkmated} 0-1

[Event "ICCopen2017"]
[Site "Internet Chess Club"]
[Date "2017.03.19"]
[Round "5"]
[White "colombier"]
[Black "Mandragora"]
[Result "1-0"]
[ICCResult "Black checkmated"]
[WhiteElo "1389"]
[BlackElo "1536"]
[Opening "Sicilian: Najdorf, Opocensky variation"]
[ECO "B92"]
[NIC "SI.10"]
[Time "19:59:35"]
[TimeControl "180+0"]

1. e4 c5 2. Nf3 d6 3. d4 cxd4 4. Nxd4 Nf6 5. Nc3 a6 6. Be2 Nc6 7. O-O Bd7 8.
Re1 Rc8 9. Bf3 e5 10. Nb3 Be7 11. Bg5 h6 12. Bh4 g5 13. Bg3 g4 14. Be2 h5
15. Bh4 b5 16. Bxf6 Bxf6 17. Qxd6 Be7 18. Qd2 h4 19. Nd5 Bg5 20. Qd1 g3 21.
fxg3 hxg3 22. h3 Be6 23. Bg4 Bxd5 24. exd5 Qb6+ 25. Kh1 Rd8 26. Qd3 Nb4 27.
Qf5 Rg8 28. Rxe5+ Kf8 29. Rae1 f6 30. Re7 Rxd5 31. Qh7 Qe6 32. Bxe6 Rd1 33.
Qf7# {Black checkmated} 1-0

[Event "ICCopen2017"]
[Site "Internet Chess Club"]
[Date "2017.03.19"]
[Round "5"]
[White "leole51"]
[Black "simplerxiao"]
[Result "0-1"]
[ICCResult "White checkmated"]
[WhiteElo "1627"]
[BlackElo "1851"]
[Opening "Sicilian: Taimanov variation"]
[ECO "B49"]
[NIC "SI.40"]
[Time "20:00:04"]
[TimeControl "180+0"]

1. e4 c5 2. Nf3 e6 3. d4 cxd4 4. Nxd4 Nc6 5. Nc3 Qc7 6. Be3 a6 7. Be2 Nf6 8.
O-O Bd6 9. f4 Nxd4 10. Qxd4 e5 11. Qd2 exf4 12. Bxf4 Bxf4 13. Qxf4 Qxf4 14.
Rxf4 d6 15. Rd1 Ke7 16. Na4 Be6 17. Nb6 Rad8 18. a4 Nd7 19. a5 Nxb6 20. axb6
Rc8 21. c3 Rc6 22. Bg4 Rxb6 23. Bxe6 Kxe6 24. Rg4 g6 25. b4 Rc8 26. Rg3 Rc4
27. Rh3 h5 28. Re3 Rbc6 29. Rdd3 b6 30. Kf2 a5 31. bxa5 bxa5 32. Ke2 a4 33.
Kd2 Rb6 34. Kc2 a3 35. Re1 Rb2+ 36. Kc1 Rxg2 37. Red1 a2 38. Rxd6+ Ke7 39.
Ra6 Rxc3# {White checkmated} 0-1

[Event "ICCopen2017"]
[Site "Internet Chess Club"]
[Date "2017.03.19"]
[Round "5"]
[White "ajam"]
[Black "elshaddai"]
[Result "0-1"]
[ICCResult "White checkmated"]
[WhiteElo "1893"]
[BlackElo "1686"]
[Opening "English: symmetrical variation"]
[ECO "A30"]
[NIC "EO.64"]
[Time "20:00:02"]
[TimeControl "180+0"]

1. c4 c5 2. Nf3 d6 3. d4 e5 4. dxe5 Nc6 5. exd6 Bxd6 6. Nc3 a6 7. Be3 Nf6 8.
h3 O-O 9. Nd2 Be6 10. Rc1 Qc7 11. a3 Rad8 12. Qa4 Nd4 13. Nd5 Qb8 14. Nxf6+
gxf6 15. Bh6 Rfe8 16. Nf3 Nxf3+ 17. gxf3 Kh8 18. Qc2 Bf4 19. Bxf4 Qxf4 20.
Rg1 Bf5 21. Qc3 Re6 22. e3 Qxf3 23. Rg3 Qh5 24. Be2 Qh6 25. Rd1 Rxd1+ 26.
Bxd1 Bg6 27. Bg4 Rd6 28. Rf3 Kg7 29. b4 b6 30. a4 Qg5 31. a5 h5 32. Bc8 Qg1+
33. Ke2 Qd1# {White checkmated} 0-1

[Event "ICCopen2017"]
[Site "Internet Chess Club"]
[Date "2017.03.19"]
[Round "5"]
[White "CadiZKilleR"]
[Black "ehkopean"]
[Result "0-1"]
[ICCResult "White resigns"]
[WhiteElo "1537"]
[BlackElo "1756"]
[Opening "English opening"]
[ECO "A05"]
[NIC "QP.11"]
[Time "19:59:44"]
[TimeControl "180+0"]

1. Nf3 Nf6 2. c4 e6 3. b3 d5 4. Bb2 c5 5. cxd5 Nxd5 6. g3 Nc6 7. Bg2 Qc7 8.
O-O b6 9. Na3 Bb7 10. Nb5 Qd7 11. Ne5 Nxe5 12. Bxe5 Qxb5 13. f4 Rd8 14. f5
Qd7 15. fxe6 Qxe6 16. Bb2 Ne3 17. Qe1 Bxg2 18. dxe3 Bxf1 19. Qxf1 Qxe3+ 20.
Kh1 f6 21. Qf5 Qxe2 22. Bc3 Rd1+ 23. Rxd1 Qxd1+ 24. Kg2 Qe2+ 25. Kh3 Qe7 26.
Qc8+ Kf7 27. Qg4 g6 28. Qc4+ Qe6+ 29. Qxe6+ Kxe6 {White resigns} 0-1

[Event "ICCopen2017"]
[Site "Internet Chess Club"]
[Date "2017.03.19"]
[Round "5"]
[White "dfvm"]
[Black "P10"]
[Result "1-0"]
[ICCResult "Black forfeits on time"]
[WhiteElo "1970"]
[BlackElo "1540"]
[Opening "Sicilian, Chekhover variation"]
[ECO "B53"]
[NIC "SI.02"]
[Time "19:59:51"]
[TimeControl "180+0"]

1. e4 c5 2. Nf3 d6 3. d4 cxd4 4. Qxd4 a6 5. c4 Nc6 6. Qd3 Bg4 7. Nc3 Bxf3 8.
Qxf3 e6 9. Be2 Nge7 10. O-O Nd4 11. Qd3 Nec6 12. Be3 Nxe2+ 13. Qxe2 g6 14.
Rad1 Bg7 15. c5 O-O 16. cxd6 b5 17. a3 Qd7 18. f4 Rad8 19. e5 f6 20. Bb6
fxe5 21. Bxd8 Qxd8 22. Qe4 Qb6+ 23. Kh1 Rd8 24. fxe5 Qc5 25. Qg4 Nxe5 26.
Qxe6+ Kh8 27. Ne4 Qe3 28. Qe7 Rg8 29. Nf6 Bxf6 30. Qxf6+ Rg7 31. d7
{Black forfeits on time}
1-0

[Event "ICCopen2017"]
[Site "Internet Chess Club"]
[Date "2017.03.19"]
[Round "5"]
[White "Burning-Bush"]
[Black "Osinger"]
[Result "1-0"]
[ICCResult "Black checkmated"]
[WhiteElo "1891"]
[BlackElo "1600"]
[Opening "Old Benoni defense"]
[ECO "A44"]
[NIC "OI.09"]
[Time "20:00:09"]
[TimeControl "180+0"]

1. d4 c5 2. d5 e5 3. c4 d6 4. Nc3 Be7 5. g3 Nf6 6. Bg2 O-O 7. e3 Ne8 8. Nge2
g6 9. f4 Ng7 10. fxe5 dxe5 11. O-O f5 12. e4 a6 13. Be3 Bg5 14. Qd2 h6 15.
h4 Bxe3+ 16. Qxe3 Kh7 17. Qxc5 Nd7 18. Qe3 f4 19. gxf4 Qxh4 20. c5 Nf6 21.
fxe5 Ng4 22. Qg3 Rxf1+ 23. Rxf1 Qxg3 24. Nxg3 Nxe5 25. Rf6 Bg4 26. c6 bxc6
27. dxc6 Rc8 28. c7 Rxc7 29. Rxa6 Nd3 30. Nd5 Rc1+ 31. Bf1 Ne5 32. Ne3 Nf3+
33. Kf2 h5 34. Be2 Ne5 35. Nxg4 hxg4 36. Ke3 Nh5 37. Ra5 Nxg3 38. Rxe5 Re1
39. Kf2 Rxe2+ 40. Kxg3 Rxb2 41. a4 Ra2 42. a5 Kh6 43. Kxg4 Rg2+ 44. Kf3 Ra2
45. Rd5 g5 46. Kg4 Rg2+ 47. Kf3 Ra2 48. e5 Kh5 49. e6 Kh4 50. Re5 g4+ 51.
Kf4 Rf2+ 52. Ke3 Rf8 53. e7 Re8 54. Kf2 g3+ 55. Kg2 Kg4 56. a6 Kf4 57. Re1
Rh8 58. a7 Rh2+ 59. Kg1 Rf2 60. e8=Q Kg4 61. Qg6+ Kf3 62. Qe4#
{Black checkmated}
1-0

[Event "ICCopen2017"]
[Site "Internet Chess Club"]
[Date "2017.03.19"]
[Round "5"]
[White "NEO2017"]
[Black "dashingfox"]
[Result "0-1"]
[ICCResult "White checkmated"]
[WhiteElo "1724"]
[BlackElo "1839"]
[Opening "Trompowsky attack (Ruth, Opocenský opening)"]
[ECO "A45"]
[NIC "QP.07"]
[Time "19:59:32"]
[TimeControl "180+0"]

1. d4 Nf6 2. Bg5 c5 3. d5 Qb6 4. Nc3 Qxb2 5. Bd2 Qb6 6. e4 e5 7. f4 d6 8. f5
Be7 9. Rb1 Qd8 10. g4 h6 11. Nh3 a6 12. a4 Nbd7 13. Nf2 Nh7 14. Qf3 Bg5 15.
Qe2 Bxd2+ 16. Qxd2 Ng5 17. Bg2 f6 18. h4 Nf7 19. O-O Rb8 20. Qe2 Rg8 21. h5
Ng5 22. Rb2 Kf7 23. Rfb1 Qa5 24. Qc4 Rd8 25. Nd3 Nf8 26. Nc1 Rd7 27. Nb3 Qd8
28. a5 b5 29. axb6 Rxb6 30. Na4 Rb4 31. Qd3 Rxa4 32. Nxc5 dxc5 33. d6 Rd4
34. Qb3+ c4 35. Qb8 Nxe4 36. c3 Nxc3 37. Rd1 Rxd1+ 38. Kh2 R7xd6 39. Rc2
R1d2 40. Rxc3 Rxg2+ 41. Kxg2 Rd2+ 42. Kf1 Rd1+ 43. Ke2 Qd2+ 44. Kf3 Qxc3+
45. Ke2 Qd3+ 46. Kf2 Rd2+ 47. Ke1 Qe3+ 48. Kf1 Qf2# {White checkmated} 0-1

[Event "ICCopen2017"]
[Site "Internet Chess Club"]
[Date "2017.03.19"]
[Round "5"]
[White "giovana64"]
[Black "EngHany"]
[Result "0-1"]
[ICCResult "White forfeits on time"]
[WhiteElo "1487"]
[BlackElo "1845"]
[Opening "QGD semi-Slav: Botvinnik system (anti-Meran)"]
[ECO "D44"]
[NIC "SL.07"]
[Time "19:59:31"]
[TimeControl "180+0"]

1. d4 d5 2. c4 c6 3. Nc3 Nf6 4. Nf3 e6 5. Bg5 dxc4 6. e4 b5 7. a4 a6 8. axb5
cxb5 9. Nxb5 axb5 10. Rxa8 Bb7 11. Ra7 Qb6 12. Qa1 Bxe4 13. Be3 Bxf3 14.
gxf3 Bb4+ 15. Ke2 Nd5 16. Bh3 O-O 17. Rg1 Nc6 18. Ra6 Nxd4+ 19. Kf1 Qc5 20.
Qd1 e5 21. Bh6 g6 22. Bxf8 Kxf8 23. Ra8+ Kg7 24. f4 Nxf4 25. Bg4 c3 26. bxc3
Qc4+ 27. Ke1 Bxc3+ {White forfeits on time} 0-1

[Event "ICCopen2017"]
[Site "Internet Chess Club"]
[Date "2017.03.19"]
[Round "5"]
[White "blunder23"]
[Black "Cramagica"]
[Result "1-0"]
[ICCResult "Black forfeits on time"]
[WhiteElo "1443"]
[BlackElo "1146"]
[Opening "Sicilian"]
[ECO "B50"]
[NIC "SI.01"]
[Time "19:59:42"]
[TimeControl "180+0"]

1. e4 c5 2. Nf3 d6 3. Bc4 e6 4. c3 a6 5. d4 cxd4 6. cxd4 b5 7. Bd3 Bb7 8.
O-O Nf6 9. Bg5 Be7 10. Bxf6 Bxf6 11. Nc3 O-O 12. e5 dxe5 13. dxe5 Be7 14.
Qc2 g6 15. Rad1 Qb6 16. Ne4 Nc6 17. Nf6+ Kh8 18. Nd7 Qc7 19. Nxf8 Rxf8 20.
Qd2 Nxe5 21. Nxe5 Qxe5 22. f4 Qc5+ 23. Kh1 Rd8 24. Qc3+ f6 25. Qxc5 Bxc5 26.
a3 Ba7 27. Bc2 Rc8 28. Bb3 Re8 29. Rd7 Rb8 30. Bxe6 Bc5 31. Rfd1 Bb6 32.
R1d6 Be3 33. Rxb7 Rxb7 34. Rd8+ Kg7 35. Rd7+ Rxd7 36. Bxd7 Bxf4 37. b4
{Black forfeits on time}
1-0

[Event "ICCopen2017"]
[Site "Internet Chess Club"]
[Date "2017.03.19"]
[Round "5"]
[White "fishbein"]
[Black "flashlight"]
[Result "1-0"]
[ICCResult "Black checkmated"]
[WhiteElo "2641"]
[BlackElo "2124"]
[Opening "Sicilian: Anderssen variation"]
[ECO "B41"]
[NIC "SI.41"]
[Time "20:00:24"]
[TimeControl "180+0"]

1. e4 c5 2. Nf3 e6 3. d4 cxd4 4. Nxd4 Nf6 5. Nc3 Nc6 6. Ndb5 Bb4 7. a3 Bxc3+
8. Nxc3 d5 9. exd5 exd5 10. Bd3 O-O 11. O-O d4 12. Ne2 Bg4 13. Bg5 Qd6 14.
f3 Bh5 15. Ng3 Bg6 16. f4 Bxd3 17. cxd3 Nd5 18. f5 f6 19. Bd2 Rfe8 20. Ne4
Qe5 21. Qf3 Rad8 22. Rae1 Ne3 23. Bxe3 dxe3 24. Qxe3 Qxb2 25. Qc5 Qd4+ 26.
Qxd4 Nxd4 27. Nc5 b6 28. Rxe8+ Rxe8 29. Ne4 Re5 30. g4 h5 31. h3 hxg4 32.
hxg4 Ra5 33. Ra1 Nc2 34. Rc1 Nxa3 35. Rc8+ Kf7 36. Rc7+ Kg8 37. Kf2 Nb5 38.
Rc8+ Kh7 39. Ke3 Ra4 40. g5 fxg5 41. Nxg5+ Kh6 42. Ne6 Nd6 43. Rh8#
{Black checkmated}
1-0

[Event "ICCopen2017"]
[Site "Internet Chess Club"]
[Date "2017.03.19"]
[Round "5"]
[White "DreadHead"]
[Black "Colombiano07"]
[Result "1-0"]
[ICCResult "Black resigns"]
[WhiteElo "2435"]
[BlackElo "1982"]
[Opening "Nimzovich-Larsen attack: classical variation"]
[ECO "A01"]
[NIC "VO.08"]
[Time "20:01:05"]
[TimeControl "180+0"]

1. b3 d5 2. Bb2 Bf5 3. e3 e6 4. Nf3 Nf6 5. d4 h6 6. Bd3 Bxd3 7. Qxd3 Nbd7 8.
O-O Bd6 9. c4 O-O 10. Nc3 c6 11. e4 dxe4 12. Nxe4 Nxe4 13. Qxe4 Re8 14. Rad1
Qa5 15. a3 c5 16. dxc5 Nxc5 17. Qd4 Bf8 18. b4 Qb6 19. bxc5 Qxc5 20. Qxc5
Bxc5 21. Rd7 Rab8 22. Rfd1 b5 23. cxb5 Rxb5 24. Bd4 Bxa3 25. Rxa7 Bc5 26.
Bxc5 Rxc5 27. h4 Rf5 28. Rd3 e5 29. Re3 Re6 30. Ra5 f6 31. Nd4 exd4 32. Ra8+
Kf7 33. Ra7+ Kg6 34. Rxe6 {Black resigns} 1-0

[Event "ICCopen2017"]
[Site "Internet Chess Club"]
[Date "2017.03.19"]
[Round "5"]
[White "LiangLiang"]
[Black "Baltimora"]
[Result "0-1"]
[ICCResult "White resigns"]
[WhiteElo "1785"]
[BlackElo "2290"]
[Opening "French: Tarrasch, Guimard main line"]
[ECO "C04"]
[NIC "FR.15"]
[Time "20:00:39"]
[TimeControl "180+0"]

1. e4 e6 2. d4 d5 3. Nd2 Nc6 4. Ngf3 Nf6 5. e5 Nd7 6. c3 f6 7. exf6 Qxf6 8.
Bd3 Bd6 9. O-O O-O 10. Qc2 g6 11. Re1 e5 12. Qb3 Nb6 13. dxe5 Nxe5 14. Be2
c6 15. Nf1 Bg4 16. N1d2 Rae8 17. Qd1 Bb8 18. h3 Bh5 19. Rf1 Qd6 20. g3 Nxf3+
21. Bxf3 Bxf3 22. Nxf3 Nd7 23. Bh6 Rf7 24. Qd4 Nf6 25. Ng5 Rfe7 26. Nf3 c5
27. Qd2 Ne4 28. Qc1 Nxg3 29. fxg3 Qxg3+ 30. Kh1 Re2 {White resigns} 0-1

[Event "ICCopen2017"]
[Site "Internet Chess Club"]
[Date "2017.03.19"]
[Round "5"]
[White "ChessOlympian"]
[Black "BestMate"]
[Result "0-1"]
[ICCResult "White forfeits on time"]
[WhiteElo "1734"]
[BlackElo "2115"]
[Opening "Sicilian: Canal-Sokolsky attack, Sokolsky variation"]
[ECO "B52"]
[NIC "SI.01"]
[Time "19:59:55"]
[TimeControl "180+0"]

1. e4 c5 2. Nf3 d6 3. Bb5+ Bd7 4. Bxd7+ Qxd7 5. c4 Nc6 6. d4 cxd4 7. Nxd4 g6
8. Nc3 Bg7 9. Be3 Nf6 10. h3 O-O 11. O-O Rac8 12. b3 a6 13. Rc1 Ne8 14. Nd5
Qd8 15. Qd2 e6 16. Nc3 Qe7 17. Rfd1 Rd8 18. Nde2 f5 19. exf5 gxf5 20. Bg5
Nf6 21. Nf4 Qf7 22. Qe2 Rfe8 23. Re1 Rd7 24. Rcd1 h6 25. Bh4 Nh7 26. Qd2 Ng5
27. Bg3 e5 28. Nfd5 f4 29. Bh4 Qg6 30. Bxg5 hxg5 31. Ne4 Nd4 32. Qd3 Kf7 33.
f3 Rh8 34. Qf1 g4 35. Rxd4 gxh3 36. Rd2 h2+ 37. Kh1 Bf8 38. Nf2 Rh5 39. Ng4
Rg5 40. Rde2 Rxg4 41. fxg4 Qxg4 42. Qf3 Qxf3 {White forfeits on time} 0-1

[Event "ICCopen2017"]
[Site "Internet Chess Club"]
[Date "2017.03.19"]
[Round "5"]
[White "atoz"]
[Black "ANGELLR"]
[Result "0-1"]
[ICCResult "White forfeits on time"]
[WhiteElo "1472"]
[BlackElo "1727"]
[Opening "English opening"]
[ECO "A20"]
[NIC "EO.24"]
[Time "19:59:51"]
[TimeControl "180+0"]

1. c4 e5 2. g3 Nf6 3. Bg2 Nc6 4. Nc3 Bb4 5. e3 O-O 6. Nge2 d6 7. O-O Be6 8.
b3 d5 9. a3 Be7 10. cxd5 Nxd5 11. Nxd5 Bxd5 12. e4 Be6 13. Bb2 Qd7 14. d4
exd4 15. Nxd4 Nxd4 16. Qxd4 Qxd4 17. Bxd4 c5 18. Be5 Bxb3 19. Rab1 c4 20.
Rfc1 Bxa3 21. Rc3 Bb4 22. Re3 a5 23. Bf1 b5 24. Bc7 a4 25. e5 a3 26. Bg2
Rac8 27. Bd6 a2 28. Ra1 Bd2 29. Bxf8 Kxf8 30. Re2 Bc3 {White forfeits on
time} 0-1

[Event "ICCopen2017"]
[Site "Internet Chess Club"]
[Date "2017.03.19"]
[Round "5"]
[White "Spirals"]
[Black "manitodeplomo"]
[Result "1/2-1/2"]
[ICCResult "Game drawn by repetition"]
[WhiteElo "2124"]
[BlackElo "2556"]
[Opening "Sicilian: closed"]
[ECO "B24"]
[NIC "SI.44"]
[Time "20:00:20"]
[TimeControl "180+0"]

1. e4 c5 2. Nc3 Nc6 3. g3 g6 4. Bg2 Bg7 5. Nf3 Rb8 6. a4 a6 7. O-O b5 8.
axb5 axb5 9. d3 b4 10. Nd5 d6 11. Nf4 Nf6 12. h3 O-O 13. Be3 Nd7 14. Qc1 Bb7
15. Ne2 Ra8 16. Rxa8 Qxa8 17. Bh6 Qa2 18. Bxg7 Kxg7 19. b3 e5 20. Nd2 Ba6
21. Qb1 Qa5 22. Qb2 Nd4 23. Nxd4 cxd4 24. Ra1 Qb6 25. Qa2 Nc5 26. Qa5 Rb8
27. Qxb6 Rxb6 28. Bf1 h5 29. h4 Kf6 30. f3 Ke7 31. Kf2 Kd7 32. Be2 Kc7 33.
g4 hxg4 34. fxg4 Rb8 35. h5 Rh8 36. Rh1 Ne6 37. Bf3 g5 38. Ra1 Nc5 39. Be2
f6 40. Kg3 Kb6 41. Rf1 Rh6 42. Ra1 Rh8 43. Rf1 Rh6 44. Ra1 Rh8 45. Rf1
{Game drawn by repetition}
1/2-1/2

[Event "ICCopen2017"]
[Site "Internet Chess Club"]
[Date "2017.03.19"]
[Round "5"]
[White "biljanic"]
[Black "geilgambler"]
[Result "1-0"]
[ICCResult "Black resigns"]
[WhiteElo "2003"]
[BlackElo "1773"]
[Opening "Old Benoni defense"]
[ECO "A44"]
[NIC "OI.09"]
[Time "19:59:51"]
[TimeControl "180+0"]

1. d4 c5 2. d5 e5 3. Nc3 d6 4. e4 Be7 5. Nf3 Nf6 6. Bb5+ Bd7 7. a4 O-O 8. h3
Na6 9. O-O Nc7 10. Nd2 Nxb5 11. axb5 Ne8 12. Nc4 Bg5 13. Be3 g6 14. Ra3 Bxe3
15. Nxe3 Nc7 16. Qe2 Qe8 17. Rfa1 Bxb5 18. Nc4 Ba6 19. Nxd6 Qe7 20. Nc4 b5
21. d6 Qd7 22. dxc7 bxc4 23. Rxa6 Qxc7 24. Nd5 Qb7 25. h4 Qxb2 26. h5 Kg7
27. Qe3 Qd4 28. h6+ Kh8 29. Qg5 f5 30. Qe7 Rg8 31. Qf6+ {Black resigns} 1-0

[Event "ICCopen2017"]
[Site "Internet Chess Club"]
[Date "2017.03.19"]
[Round "5"]
[White "progre69"]
[Black "Mamba"]
[Result "0-1"]
[ICCResult "White resigns"]
[WhiteElo "2141"]
[BlackElo "2630"]
[Opening "Sicilian: dragon, 6.Be3"]
[ECO "B72"]
[NIC "SI.15"]
[Time "20:00:52"]
[TimeControl "180+0"]

1. e4 c5 2. Nf3 d6 3. d4 Nf6 4. Nc3 cxd4 5. Nxd4 g6 6. Be3 a6 7. f3 Nbd7 8.
Qd2 b5 9. Be2 Bb7 10. O-O Bg7 11. a3 O-O 12. g4 Nb6 13. g5 Nfd7 14. h4 Ne5
15. b3 Rc8 16. f4 Qc7 17. Ncxb5 axb5 18. fxe5 Bxe5 19. Bxb5 Bxe4 20. a4 Nd5
21. Bf2 Nf4 22. Qe3 Ba8 23. Rae1 Qb7 {White resigns} 0-1

[Event "ICCopen2017"]
[Site "Internet Chess Club"]
[Date "2017.03.19"]
[Round "5"]
[White "jupiter26"]
[Black "MassCarnage"]
[Result "1-0"]
[ICCResult "Black checkmated"]
[WhiteElo "1714"]
[BlackElo "1849"]
[Opening "Polish defense"]
[ECO "A40"]
[NIC "QO.17"]
[Time "19:59:25"]
[TimeControl "180+0"]

1. d4 b5 2. e4 a6 3. Nf3 Bb7 4. Bd3 e6 5. O-O Nf6 6. Nbd2 d6 7. Re1 Nbd7 8.
c4 bxc4 9. Nxc4 a5 10. Bd2 c5 11. Bc3 cxd4 12. Nxd4 Be7 13. Nb5 Nc5 14. Bc2
d5 15. exd5 Nxd5 16. Bxg7 Rg8 17. Be5 Rxg2+ 18. Kf1 Kf8 19. Qh5 Rg8 20. Bxh7
Rg5 21. Qh6+ Ke8 22. Rad1 Ba6 23. Nc7+ Qxc7 24. Bxc7 Bxc4+ 25. Re2 Nxc7 26.
Be4 Nxe4 27. Qh8+ Bf8 28. Ke1 Bxe2 29. Kxe2 Nd5 30. Qd4 Nc5 31. Rc1 Rc8 32.
Qh4 Re5+ 33. Kf1 Rd8 34. a3 Nd3 35. Qa4+ Ke7 36. Rc6 Re1+ 37. Kg2 N5f4+ 38.
Kf3 Kf6 39. Qxa5 Ne5+ 40. Kxf4 Nxc6 41. Qg5# {Black checkmated} 1-0

[Event "ICCopen2017"]
[Site "Internet Chess Club"]
[Date "2017.03.19"]
[Round "5"]
[White "DEHO"]
[Black "lion100"]
[Result "1-0"]
[ICCResult "Black resigns"]
[WhiteElo "2205"]
[BlackElo "1405"]
[Opening "QGD: exchange, positional line, 5...c6"]
[ECO "D35"]
[NIC "QO.16"]
[Time "19:59:44"]
[TimeControl "180+0"]

1. d4 d5 2. c4 e6 3. Nc3 Nf6 4. cxd5 exd5 5. Bg5 c6 6. e3 Be7 7. Bd3 O-O 8.
Nf3 Bg4 9. Qb3 b5 10. Ne5 Bd7 11. O-O Re8 12. Rac1 Nh5 13. Bxe7 Rxe7 14. Qc2
g6 15. Ne2 Qc7 16. Bxb5 Qd6 17. Bd3 Be8 18. Qc5 Qf6 19. Ng4 Qg5 20. Ne5 Re6
21. f4 Qh4 22. f5 gxf5 23. Bxf5 Rh6 24. Ng4 Rf6 25. Nxf6+ Nxf6 26. Qe7 Qg5
27. Rf3 Kh8 28. Rcf1 Nbd7 29. Bxd7 Nxd7 30. Qxg5 {Black resigns} 1-0

[Event "ICCopen2017"]
[Site "Internet Chess Club"]
[Date "2017.03.19"]
[Round "5"]
[White "kurumania"]
[Black "KRASAVCHIK"]
[Result "0-1"]
[ICCResult "White resigns"]
[WhiteElo "2814"]
[BlackElo "3318"]
[Opening "Sicilian defense"]
[ECO "B33"]
[NIC "SI.34"]
[Time "20:00:55"]
[TimeControl "180+0"]

1. e4 c5 2. Nf3 Nc6 3. d4 cxd4 4. Nxd4 Nf6 5. Nc3 e6 6. Nxc6 bxc6 7. e5 Nd5
8. Ne4 Bb7 9. Be2 c5 10. O-O Qc7 11. Nd6+ Bxd6 12. exd6 Qc6 13. f3 c4 14.
Qd4 O-O 15. Bxc4 Qxd6 16. Rf2 Rfc8 17. Bf1 Qe7 18. c4 Nb6 19. b3 d5 20. Bb2
f6 21. cxd5 Nxd5 22. Bc4 Kh8 23. Re1 e5 24. Qh4 Rd8 25. Bd3 g5 26. Qg4 Nf4
27. Bf1 Bc8 28. Qg3 Nh5 29. Rxe5 fxe5 30. Bxe5+ Kg8 31. Bc4+ Be6 32. Bxe6+
Qxe6 33. Qxg5+ Qg6 34. Qc1 Rac8 35. Qf1 Qd3 36. Re2 Rc2 {White resigns} 0-1

[Event "ICCopen2017"]
[Site "Internet Chess Club"]
[Date "2017.03.19"]
[Round "5"]
[White "Dupinpon"]
[Black "MDRAFE3"]
[Result "0-1"]
[ICCResult "White resigns"]
[WhiteElo "1591"]
[BlackElo "1907"]
[Opening "Sicilian defense"]
[ECO "B20"]
[NIC "SI.48"]
[Time "20:00:31"]
[TimeControl "180+0"]

1. e4 c5 2. d3 Nc6 3. g3 Nf6 4. Bg2 d5 5. Nd2 Bg4 6. f3 Bc8 7. Nh3 e5 8. Kf1
Be7 9. Nf2 O-O 10. a4 dxe4 11. fxe4 Be6 12. Nf3 Qc8 13. Ng5 Bd7 14. h3 h6
15. Nf3 Be6 16. g4 c4 17. d4 exd4 18. Nxd4 Nxd4 19. Qxd4 Bc5 20. Qc3 Rd8 21.
Be3 Nd7 22. Bf3 Ne5 23. Qxe5 Bxe3 24. Kg2 Rd2 25. Rhg1 Rxf2+ {White resigns}
0-1

[Event "ICCopen2017"]
[Site "Internet Chess Club"]
[Date "2017.03.19"]
[Round "5"]
[White "fishmaster"]
[Black "angelyas"]
[Result "1-0"]
[ICCResult "Black resigns"]
[WhiteElo "1826"]
[BlackElo "1292"]
[Opening "Scandinavian (center counter) defense"]
[ECO "B01"]
[NIC "VO.17"]
[Time "20:01:01"]
[TimeControl "180+0"]

1. e4 d5 2. d3 dxe4 3. dxe4 Qxd1+ 4. Kxd1 Nf6 5. f3 Nc6 6. c3 Bd7 7. Kc2
O-O-O 8. Be3 a6 9. a4 e6 10. Nd2 g6 11. Bg5 Bg7 12. Nc4 h6 13. Bh4 g5 14.
Bf2 Nh5 15. g3 Nf6 16. Ne2 Ne8 17. Rd1 Kb8 18. Nd4 Bxd4 19. Bxd4 Rf8 20. a5
f6 21. Bh3 Kc8 22. Rd2 e5 23. Bxd7+ Rxd7 24. Be3 Rxd2+ 25. Bxd2 Nd6 26.
Nxd6+ cxd6 27. b4 Kc7 28. Be3 f5 29. Kd2 fxe4 30. fxe4 Ne7 31. Ke2 d5 32.
exd5 Nxd5 33. Bd2 Kc6 34. c4 Nf6 35. Rf1 Nd7 36. Rxf8 Nxf8 37. Ke3 Kd6 38.
Ke4 Nd7 39. Be3 Nf6+ 40. Kf3 Ke6 41. b5 e4+ 42. Ke2 axb5 43. cxb5 Nd7 44. a6
bxa6 45. bxa6 {Black resigns} 1-0

[Event "ICCopen2017"]
[Site "Internet Chess Club"]
[Date "2017.03.19"]
[Round "5"]
[White "elshan-defence"]
[Black "Nos"]
[Result "1-0"]
[ICCResult "Black forfeits on time"]
[WhiteElo "2705"]
[BlackElo "2211"]
[Opening "King's Indian: 6.Be2"]
[ECO "E91"]
[NIC "KI.19"]
[Time "19:59:30"]
[TimeControl "180+0"]

1. d4 Nf6 2. Nf3 g6 3. c4 Bg7 4. Nc3 O-O 5. e4 d6 6. Be2 Nfd7 7. O-O Nc6 8.
Be3 e6 9. Rc1 a5 10. d5 exd5 11. cxd5 Nb4 12. a3 Na6 13. Nd4 Re8 14. Qd2
Nac5 15. Qc2 Nf6 16. f3 Nh5 17. Rfd1 Be5 18. g3 Nxg3 19. hxg3 Bxg3 20. Kg2
Bh4 21. Rh1 h5 22. Rcg1 Qf6 23. Qd2 Bd7 24. Rh2 Qe7 25. Kh1 Bf6 26. Rxh5 Bg7
27. Rh2 a4 28. Nd1 Nb3 29. Nxb3 axb3 30. Bd4 c5 31. Bxg7 Kxg7 32. Qc3+ Qe5
33. Qxe5+ Rxe5 34. Ne3 b5 35. Bd1 c4 36. Kg2 Ree8 37. Kf2 Rh8 38. Rgh1 Rxh2+
39. Rxh2 Kf6 40. Ke1 Ke5 41. Kd2 Kd4 42. Be2 f5 43. exf5 gxf5 44. Rh4+ Kc5
45. Rf4 Rf8 46. Bd1 Rf6 47. Be2 Rf8 48. Bxc4 bxc4 49. Rxc4+ Kb5 50. Rb4+ Kc5
51. Rxb3 f4 52. Rc3+ Kd4 53. Nc4 Kxd5 54. Nb6+ Ke6 55. Nxd7 Kxd7 56. Rd3 Ke6
57. b4 Rg8 58. Kc3 Rg2 59. b5 {Black forfeits on time} 1-0

[Event "ICCopen2017"]
[Site "Internet Chess Club"]
[Date "2017.03.19"]
[Round "5"]
[White "Koval"]
[Black "vbtry3"]
[Result "1-0"]
[ICCResult "Black forfeits on time"]
[WhiteElo "1884"]
[BlackElo "1652"]
[Opening "Queen's gambit accepted"]
[ECO "D20"]
[NIC "QG.03"]
[Time "19:59:36"]
[TimeControl "180+0"]

1. d4 d5 2. c4 dxc4 3. Nc3 a6 4. a4 Nf6 5. e3 e6 6. Bxc4 c5 7. Nf3 Nc6 8.
O-O Be7 9. b3 O-O 10. Bb2 b6 11. Rc1 Bb7 12. Qe2 Na5 13. Rfd1 Nxc4 14. bxc4
cxd4 15. Nxd4 Qc7 16. f3 Rfd8 17. Nb3 Rxd1+ 18. Nxd1 Rd8 19. c5 bxc5 20. Ba3
h6 21. Nxc5 Bxc5 22. Rxc5 Qd7 23. Nf2 Qxa4 24. Bb2 Bc6 25. Qc2 Qxc2 26. Rxc2
Bb5 27. Bd4 Nd5 28. Ne4 Ra8 29. Ra2 a5 30. Kf2 a4 31. Nd6 Bd3 32. Bc5 Bb1
33. Ra3 Nc7 34. Ra1 Bc2 35. Nc4 Nd5 36. Na3 Bb3 37. Rc1 Nc7 38. e4 Rb8 39.
Bd6 {Black forfeits on time} 1-0